 Dungeon Crawl Stone Soup version 0.29.1-2-gbd0b4ee654 (webtiles) character file.

Game seed: 15080400469405888965

508 Ihaveafatcat the Chopper (level 7, -6/61 HPs)
             Began as a Hill Orc Fighter on Nov 18, 2022.
             Mangled by Pikel
             ... wielding a +1 whip of flaming
              (8 damage)
             ... on level 5 of the Dungeon on Nov 21, 2022.
             The game lasted 00:08:07 (5463 turns).

Ihaveafatcat the Chopper (Hill Orc Fighter)         Turns: 5463, Time: 00:08:08

Health: -6/61      AC:  8    Str: 21    XL:     7   Next: 18%
Magic:  7/7        EV:  9    Int:  8    God:
Gold:   234        SH:  4    Dex: 10    Spells: 6/6 levels left

rFire   + . .      SeeInvis .   a - +1 war axe
rCold   x . .      Faith    .   c - +0 buckler
rNeg    . . .      Spirit   .   b - +1 scale mail
rPois   .          Reflect  .   (no helmet)
rElec   .          Harm     .   (no cloak)
rCorr   .          Rampage  .   (no gloves)
Will    +....                   (no boots)
Stlth   ..........              (no amulet)
HPRegen 0.20/turn               f - ring of fire
MPRegen 0.10/turn               o - ring of willpower

@: about to teleport
A: no striking features
a: no special abilities


You were on level 5 of the Dungeon.
You visited 1 branch of the dungeon, and saw 5 of its levels.

You collected 234 gold pieces.

Inventory:

Hand Weapons
 a - a +1 war axe (weapon)
Armour
 b - a +1 scale mail (worn)
 c - a +0 buckler (worn)
Jewellery
 f - a ring of fire (left hand)
 i - a ring of see invisible
 o - a ring of willpower (right hand)
Wands
 j - a wand of polymorph (8)
Scrolls
 e - a scroll of magic mapping
 g - 2 scrolls of identify
 l - a scroll of brand weapon {unknown}
 p - a scroll of teleportation (quivered)
Potions
 d - 3 potions of might
 h - a potion of cancellation
 k - a potion of flight
 q - 2 potions of brilliance


   Skills:
 + Level 5.1 Fighting
 + Level 6.8 Axes
 + Level 5.0 Armour
 + Level 1.3 Dodging
 + Level 0.4 Stealth
 + Level 3.9 Shields


You had 6 spell levels left.
You didn't know any spells.
Your spell library contained the following spells:

 Spells                   Type           Power      Damage    Failure   Level
 Apportation              Tloc           0%         N/A       83%         1
 Slow                     Hex            0%         N/A       83%         1
 Confusing Touch          Hex            0%         N/A       99%         3
 Ozocubu's Armour         Ice            0%         N/A       99%         3
 Tukima's Dance           Hex            0%         N/A       99%         3
 Vampiric Draining        Necr           0%         2d6       99%         3
 Passage of Golubria      Tloc           0%         N/A       100%        4
 Alistair's Intoxication  Tmut/Pois      0%         N/A       100%        5
 Yara's Violent Unravell  Hex/Tmut       0%         3d3       100%        5
 Ozocubu's Refrigeration  Ice            0%         4d7       100%        7


Dungeon Overview and Level Annotations

Branches:
Dungeon (5/15)
 Temple: D:4-7

Altars:
Hepliaklqana

Shops:
D:2 [

Annotations:
D:3 3 runed translucent doors, Icepheonix32's ghost, amateur OpTm
D:5 Pikel


Message History

You hit Pikel but do no damage.
Pikel is heavily wounded.
Pikel closely misses you. The grasping roots constrict you.
Pikel hits you with a +1 whip of flaming.
Pikel burns you. The grasping roots constrict you.
You barely miss Pikel.
Pikel is heavily wounded.
Pikel barely misses you. The grasping roots constrict you.
The grasping roots release their grip on you.
You barely miss Pikel.
Pikel is heavily wounded.
Pikel hits you with a +1 whip of flaming!
Pikel burns you.
You closely miss Pikel.
Pikel is heavily wounded.
Pikel zaps a wand.
The roots erupt in riotous growth!
The grasping roots grab you!
Pikel is unaffected.
The grasping roots constrict you!
* * * LOW HITPOINT WARNING * * *
You hear an angry hiss.
As you read the scroll of teleportation, it crumbles to dust.
You feel strangely unstable. Pikel waves his whip at you.
Pikel hits you with a +1 whip of flaming.
* * * LOW HITPOINT WARNING * * *
The grasping roots constrict you!
* * * LOW HITPOINT WARNING * * *
You escape the roots grasp.
Pikel zaps a wand.
The roots erupt in riotous growth!
The grasping roots grab you! The grasping roots constrict you.
* * * LOW HITPOINT WARNING * * *
You hear an angry hiss.
You escape the roots grasp.
An adder comes into view.
Pikel says, "You'll make a fine lemure."
You see here a scroll of blinking.
Pikel attacks as you move away!
Pikel hits you with a +1 whip of flaming!
You die...

######.# ### ## #.#
..# .# #.# #5#
.#####.# #.#
.......# #5#
.###.........# #.#
.# #.######### #5#
.# #.# ###K######.
.###.# #.@.....S..
.....# #.#.######.
.##############.#.#
................#.[
##.#################
...(..... )...####
.....### .......#


You could see Pikel, 3 lemures and an adder.

Vanquished Creatures
  A phantom (D:4)
  A necrophage (D:4)
  3 scorpions
  An orc wizard (D:5)
  A gnoll (D:5)
  7 adders
  An ufetubus (D:4)
  2 worms (D:2)
  An orc (D:5)
  2 endoplasms (D:4)
  5 giant cockroaches
  A goblin (D:4)
  11 hobgoblins
  15 jackals
  2 quokkas
  3 ball pythons
  3 bats
  2 frilled lizards
  5 kobolds
  4 rats
  A spectral hobgoblin (D:2)
  4 toadstools (D:1)
76 creatures vanquished.

Vanquished Creatures (others)
  An orc wizard (D:5)
1 creature vanquished.

Grand Total: 77 creatures vanquished

Notes
Turn   | Place    | Note
-------+----------+-------------------------------------------
     0 | D:1      | Ihaveafatcat the Hill Orc Fighter began the quest for the
                  | Orb.
     0 | D:1      | Reached XP level 1. HP: 19/19 MP: 1/1
   417 | D:1      | Reached XP level 2. HP: 27/27 MP: 2/2
   710 | D:1      | Reached skill level 3 in Axes
  1615 | D:2      | Found Neohaukk's Armour Shop.
  1740 | D:2      | Reached XP level 3. HP: 31/33 MP: 3/3
  1784 | D:2      | Found a faded altar of an unknown god.
  2301 | D:2      | Identified the +0 leather armour of the Distant Future
                  | {+Inv rF+ Int+4}
  2753 | D:3      | Reached XP level 4. HP: 40/40 MP: 4/4
  2769 | D:3      | Found a runed translucent gate.
  2769 | D:3      | Found a runed translucent gate.
  2769 | D:3      | Found a runed translucent gate.
  2770 | D:3      | Noticed Icepheonix32's ghost (amateur OpTm)
  2867 | D:3      | Reached skill level 4 in Axes
  3488 | D:4      | Noticed a scorpion
  3494 | D:4      | Killed a scorpion
  3495 | D:4      | Reached skill level 5 in Axes
  3495 | D:4      | Reached XP level 5. HP: 43/47 MP: 5/5
  3827 | D:4      | Identified the +8 short sword of the Wilderness {vorpal,
                  | Str+4}
  3853 | D:4      | Noticed a phantom
  3863 | D:4      | Killed a phantom
  3864 | D:4      | Reached XP level 6. HP: 48/53 MP: 6/6
  3926 | D:4      | Reached skill level 6 in Axes
  3980 | D:4      | Reached skill level 1 in Dodging
  4296 | D:5      | Entered Level 5 of the Dungeon
  4302 | D:5      | Found a hazy altar of Hepliaklqana.
  4315 | D:5      | Reached skill level 5 in Fighting
  4315 | D:5      | Reached XP level 7. HP: 43/61 MP: 7/7
  4670 | D:5      | Reached skill level 5 in Armour
  5449 | D:5      | Noticed Pikel
  5460 | D:5      | HP: 2/61 [constriction (4)]
  5463 | D:5      | Mangled by Pikel

Illustrated notes

Levels and vault maps discovered:
D:1:      ldierk_water_garden, layout_loops_corners
D:2:      layout_loops_ring, serial_rivers, chequers_serial_rivers_small_b,
          chequers_serial_rivers_room_b, chequers_serial_rivers_marsh,
          chequers_serial_rivers_micro_a, chequers_serial_rivers_large_b,
          chequers_serial_rivers_room_b, serial_shops, shop,
          dreamdust_ecumenical_altar_drowned_temple,
          chequers_serial_rivers_micro_d
D:3:      layout_basic, gammafunk_ghost_necromancy, kennysheep_generic_room_4
D:4:      layout_basic, patterned_corridor
D:5:      layout_basic, lemuel_tele_altar, yredelemnul_altar_generic,
          serial_park_tiny_2, uniq_pikel, uniq_ijyb

Skill      XL: |  1  2  3  4  5  6  7 |
---------------+----------------------+-----
Axes           | 3 5 6 |  6.8
Fighting       | 4 5 |  5.1
Armour         | 4 5 |  5.0
Dodging        | 1 |  1.3
Stealth        | |  0.4
Shields        | |  3.9

Action                   |  1- 3 |  4- 6 |  7- 9 || total
-------------------------+-------+-------+-------++-------
Melee: War axe           |    86 |   109 |    32 ||   227
  Use: Scroll            |     6 |     2 |     2 ||    10
       Potion            |     4 |     5 |     2 ||    11
Armor: Scale mail        |    30 |    58 |    22 ||   110
Dodge: Dodged            |    38 |    56 |    13 ||   107
Block: Buckler           |    22 |    21 |     3 ||    46
